 Dungeon Crawl Stone Soup version 0.18-a0-1507-g69458e0 (webtiles) character file.

2279 Etesian the Destroyer (level 9, -8/45 HPs)
             Began as a Deep Elf Conjurer on Mar 5, 2016.
             Was a Follower of Vehumet.
             Shot with a sling bullet by Joseph (24 damage)
             ... on level 7 of the Dungeon.
             The game lasted 00:33:36 (6358 turns).

Etesian the Destroyer (Deep Elf Conjurer)           Turns: 6358, Time: 00:33:37

Health: -8/45      AC:  7    Str:  5    XL:     9   Next: 16%
Magic:  31/31      EV: 17    Int: 22    God:    Vehumet [*.....]
Gold:   191        SH:  0    Dex: 15    Spells: 4 memorised, 11 levels left

rFire  . . .     SeeInvis .     z - +3 trident (curse)
rCold  . . .     Gourm    +     a - +0 robe
rNeg   . . .     Faith    .     (no shield)
rPois  .         Spirit   .     p - +0 helmet
rElec  .         Dismiss  .     o - +0 cloak
rCorr  .         Reflect  .     t - +1 pair of gloves
SustAt .         Harm     .     h - +0 pair of boots
MR     .....                    r - amulet of the gourmand
Stlth  +++.......               d - ring of magical power
                                l - ring of stealth

@: not resistant to hostile enchantments, fairly stealthy
A: dopey 1, mutation resistance 1, MP-powered wands
a: Renounce Religion


You were on level 7 of the Dungeon.
You worshipped Vehumet.
Vehumet was aware of your devotion.
You were full.

You visited 2 branches of the dungeon, and saw 8 of its levels.

You collected 315 gold pieces.
You spent 124 gold pieces at shops.

Inventory:

Hand Weapons
 q - a +2 dagger of speed
 z - a cursed +3 trident (weapon)
Armour
 a - a +0 robe (worn)
 h - a +0 pair of boots (worn)
 o - a +0 cloak (worn)
 p - a +0 helmet (worn)
 t - a +1 pair of gloves (worn)
Jewellery
 d - a ring of magical power (right hand)
 l - a ring of stealth (left hand)
 r - an amulet of the gourmand (around neck)
Scrolls
 e - a scroll of remove curse
 g - a scroll of recharging
 s - 3 scrolls of fog
 u - a scroll of enchant weapon
 v - 4 scrolls of identify
 w - 2 scrolls of amnesia
 y - a scroll of magic mapping {unknown}
Potions
 i - a potion of flight
 k - 3 potions of curing
 m - a potion of ambrosia
 x - a potion of brilliance
 A - a potion of heal wounds
 B - a potion of agility
 C - a potion of berserk rage
Books
 b - a book of Conjurations

   Spells                             Type                      Level
   a - Magic Dart                     Conjuration                  1
   b - Searing Ray                    Conjuration                  2
   c - Dazzling Spray                 Conjuration/Hexes            3
   d - Fulminant Prism                Conjuration/Hexes            4
   e - Iskenderun's Mystic Blast      Conjuration                  4
   f - Iskenderun's Battlesphere      Conjuration/Charms           5
Comestibles
 c - 8 bread rations
 f - 3 fruits
 j - a beef jerky
 n - 4 meat rations


   Skills:
 + Level 7.6 Dodging
 - Level 2.4 Stealth
 + Level 7.9 Spellcasting
 * Level 10.0 Conjurations
 + Level 5.3 Charms


You had 11 spell levels left.
You knew the following spells:

 Your Spells              Type           Power        Failure   Level  Hunger
a - Magic Dart            Conj           ####         1%          1    None
b - Searing Ray           Conj           ######       1%          2    None
c - Iskenderun's Mystic   Conj           ######..     1%          4    ###....
d - Iskenderun's Battles  Conj/Chrm      #####...     12%         5    #####..


Dungeon Overview and Level Annotations

Branches:
Dungeon (7/15)             Temple (1/1) D:5

Altars:
Ashenzari
Cheibriados
Fedhas
Gozag
Nemelex Xobeh
Okawaru
Pakellas
Qazlal
Ru
Sif Muna
Vehumet
Xom
Yredelemnul
Zin
The Shining One

Shops:
D:7 *

Annotations:
D:3 Mulkerokala's ghost, amateur DrFE
D:7 Joseph


Innate Abilities, Weirdness & Mutations

You are dopey. (Int -2)
You are somewhat resistant to further mutation.
You expend magic power (3 MP) to strengthen your wands.


Message History

Found a stone staircase leading down.
c - 8 bread rations (gained 1) HP restored.
Found Hubul's Assorted Antiques.
k - 2 potions of curing (gained 1)
There is an entrance to Hubul's Assorted Antiques here.
y - a scroll labeled DAYRHI WANEGH;
k - 3 potions of curing (gained 1) Thank you for shopping at Hubul's Assorted Antiques!
Joseph, a Mercenary comes into view.
He is wielding a quarterstaff of pain.
Joseph shouts!
Joseph unwields an uncursed quarterstaff of pain.
Joseph wields a runed hunting sling.
It bursts into flame!
Joseph shoots a sling bullet.
The sling bullet hits you! The sling bullet burns you.
You see here a sling bullet.
Joseph shoots a sling bullet.
The sling bullet hits you! The sling bullet burns you.
Joseph shoots a sling bullet.
The sling bullet hits you!!
Ouch! That really hurt!
You die...

........ ##.## #.####.
#............##...
##..#.........#....
...#.........#.... ..###
#..#............._
.....####..#.........#....
#........#.........#....
#......@...........##... .. #+
#..................####.
#.##.##........#..............
..............#...........###
###...@........#..........####
...............#####........##
...............# #........##
..............∩# #........#.
.......(.####### #........#.


You could see Joseph.

Vanquished Creatures
  A hippogriff (D:7)
  A sky beast (D:6)
  An orc warrior (D:7)
  2 phantoms
  2 centaurs (D:5)
  2 ogres (D:4)
  A giant frog (D:4)
  Blork the orc (D:6)
  3 scorpions (D:6)
  4 killer bees (D:7)
  4 wights (D:7)
  A howler monkey (D:6)
  3 crimson imps
  A gnoll shaman (D:6)
  3 orc priests
  3 giant frog skeletons
  An iguana (D:4)
  5 orc wizards
  4 worker ants
  A hound zombie (D:5)
  A hound skeleton (D:4)
  A worker ant zombie (D:5)
  4 gnolls (D:6)
  8 adders
  An adder skeleton (D:6)
  A worm (D:2)
  5 dart slugs
  5 giant geckos
  12 orcs
  A ball python (D:5)
  3 giant cockroaches
  7 goblins
  4 hobgoblins
  5 jackals
  6 kobolds
  3 quokkas
  10 bats
  6 giant newts
  5 rats
132 creatures vanquished.

Vanquished Creatures (others)
  A fungus (D:6)
1 creature vanquished.

Grand Total: 133 creatures vanquished

Notes
Turn   | Place    | Note
--------------------------------------------------------------
     0 | D:1      | Etesian the Deep Elf Conjurer began the quest for the Orb.
     0 | D:1      | Reached XP level 1. HP: 10/10 MP: 6/6
   153 | D:1      | Reached XP level 2. HP: 15/15 MP: 5/8
   206 | D:1      | Learned a level 2 spell: Searing Ray
   581 | D:1      | Reached skill level 5 in Conjurations
   789 | D:2      | Reached XP level 3. HP: 19/19 MP: 6/9
   974 | D:2      | Found a deep blue altar of Sif Muna.
   974 | D:2      | Found a glowing silver altar of Zin.
  1786 | D:3      | Noticed Mulkerokala's ghost (amateur DrFE)
  1807 | D:3      | Reached XP level 4. HP: 24/24 MP: 6/11
  2199 | D:3      | Found a sparkling altar of Nemelex Xobeh.
  2231 | D:3      | Found a blossoming altar of Fedhas.
  2261 | D:4      | Reached XP level 5. HP: 28/28 MP: 8/13
  2406 | D:4      | Reached skill level 6 in Conjurations
  2710 | D:4      | Found a sacrificial altar of Ru.
  2821 | D:4      | Reached XP level 6. HP: 32/32 MP: 9/14
  2851 | D:4      | Found an iron altar of Okawaru.
  3017 | D:4      | Reached skill level 5 in Spellcasting
  3017 | D:4      | Reached skill level 7 in Conjurations
  3019 | D:4      | Reached skill level 5 in Dodging
  3205 | D:5      | Entered Level 5 of the Dungeon
  3216 | D:4      | Reached XP level 7. HP: 24/36 MP: 9/17
  3401 | D:5      | Learned a level 4 spell: Iskenderun's Mystic Blast
  3414 | D:5      | Learned a level 5 spell: Iskenderun's Battlesphere
  3434 | D:5      | Reached skill level 1 in Charms
  3612 | D:5      | Reached skill level 8 in Conjurations
  3769 | D:5      | Found a staircase to the Ecumenical Temple.
  3777 | Temple   | Entered the Ecumenical Temple
  3805 | Temple   | Became a worshipper of Vehumet
  4501 | D:5      | Reached XP level 8. HP: 41/41 MP: 19/19
  4698 | D:6      | Found an oddly glowing altar of Pakellas.
  4828 | D:6      | Gained mutation: You are dopey. (Int -2) [potion of mutation]
  4828 | D:6      | Gained mutation: You are somewhat resistant to further mutation. [potion of mutation]
  4828 | D:6      | Gained mutation: You expend magic power (3 MP) to strengthen your wands. [potion of mutation]
  5015 | D:6      | Reached * piety under Vehumet
  5015 | D:6      | Offered knowledge of Shock by Vehumet.
  5198 | D:6      | Noticed Blork the orc
  5202 | D:6      | Killed Blork the orc
  5336 | D:6      | Reached skill level 9 in Conjurations
  5769 | D:7      | Found an opulent altar of Gozag.
  5775 | D:7      | Reached skill level 5 in Charms
  5775 | D:7      | Reached XP level 9. HP: 41/45 MP: 13/22
  6126 | D:7      | Reached skill level 10 in Conjurations
  6330 | D:7      | Found Hubul's Assorted Antiques.
  6344 | D:7      | Bought a scroll labeled DAYRHI WANEGH for 31 gold pieces
  6344 | D:7      | Bought a potion of curing for 93 gold pieces
  6350 | D:7      | Noticed Joseph
  6358 | D:7      | Shot with a sling bullet by Joseph

Vault maps used:
D:1:      minmay_arrival_open_corners
D:2:      gammafunk_temple_overflow_statue, minmay_misc_feat_chi
D:3:      nicolae_overflow_hidden_temple, lemuel_round_altar
D:4:      kennysheep_mini, okawaru_trees_2
D:5:      minmay_temple_entry_mist, first_bread, serial_co_window_serial,
          co_window_paths_a, co_window_paths_b, co_window_corner_a,
          co_window_of_opportunity_a, co_window_paths_a, co_window_paths_c,
          co_window_2corner, co_window_unsneaky_path_b, co_window_4corner_b,
          co_window_sun, glass_columns_a, glass_columns_a
D:6:      old_forge, grunt_pakellas_mercury, uniq_blork_the_orc
D:7:      old_standard_altar, serial_shops, shop, grunt_ogre_cave, uniq_joseph
Temple:   circular_temple_12

Skill      XL: |  1  2  3  4  5  6  7  8  9 |
---------------+----------------------------+-----
Conjurations   | 5 6 7 8 9 10 | 10.0
Dodging        | 3 4 5 6 7 |  7.6
Spellcasting   | 4 5 6 7 |  7.9
Charms         | 2 5 |  5.3
Stealth        | |  2.4

Action                   |  1- 3 |  4- 6 |  7- 9 || total
-------------------------+-------+-------+-------++-------
Melee: Trident           |       |       |     4 ||     4
 Cast: Magic Dart        |    62 |    43 |    79 ||   184
       Searing Ray       |     3 |    14 |    33 ||    50
       Iskenderun's Myst |       |       |    26 ||    26
  Use: Scroll            |     6 |     6 |     6 ||    18
       Potion            |       |       |     1 ||     1
  Eat: Chunk             |     3 |    13 |    13 ||    29
